Description

Testing overwolf

Replay - llllllllllll v ROOTherO - 네온 바이올렛 스퀘어 - 래더

Build Order

Get SALT Encoding   

  12  0:00  Probe  
  13  0:12  Probe  
  14  0:18  Pylon  
  14  0:25  Probe  
  15  0:37  Gateway, Probe (Chrono Boost)  
  15  0:42  Assimilator  
  16  0:49  Probe (Chrono Boost)  
  17  0:54  Probe (Chrono Boost)  
  18  1:03  Probe  
  19  1:15  Probe  
  20  1:24  Nexus  
  20  1:34  Cybernetics Core  
  20  1:36  Probe  
  21  1:42  Assimilator  
  21  1:49  Probe  
  21  1:52  Pylon  
  23  2:09  Adept (Chrono Boost)  
  26  2:16  Stargate  
  26  2:28  Adept  
  29  2:34  Warp Gate  
  35  2:59  Oracle (Chrono Boost)  
  40  3:12  Pylon  
  42  3:28  Nexus  
  44  3:40  Gateway x2  
  46  4:01  Oracle  
  51  4:04  Assimilator x2  
  53  4:12  Pylon  
  53  4:17  Fleet Beacon  
  53  4:19  Robotics Facility  
  53  4:22  Twilight Council  
  54  4:30  Forge  
  62  5:04  Protoss Ground Weapons Level 1 (Chrono Boost)  
  62  5:06  Warp Prism  
  65  5:11  Resonating Glaives  
  67  5:19  Gateway x3, Pylon  
  67  5:28  Gateway x2  
  70  5:32  Adept x3  
  76  5:39  Warp Prism (Chrono Boost)  
  81  5:54  Adept x3  
  87  6:21  Adept x2  
  103  6:30  Templar Archives  
  103  6:40  Protoss Ground Armor Level 1 (Chrono Boost)  
  119  7:15  Psionic Storm  
  101  7:48  Immortal  
  101  8:25  Immortal (Chrono Boost)  
  93  8:30  Nexus  
Spawning Tool Build Advisor. Get it on Overwolf

Go to:

Details

  • Created by: rexrekt
  • Published on: Jan 20, 2018
  • Modified on: Jan 20, 2018
  • Patch: 4.0.0
Show
View Real Time Build Order
Export as new Build Order

Comments (0)

There are no comments. Be the first!

Create an account to comment!